 Dungeon Crawl Stone Soup version 0.29-a0-194-g6e3aafee17 (webtiles) character file.

Game seed: 5873528667783606335

589 fragbeetle the Archer (level 7, -1/50 HPs)
             Began as a Minotaur Hunter on Feb 23, 2022.
             Was a Follower of Hepliaklqana.
             Slain by an orc wizard
             ... wielding a +0 dagger
              (4 damage)
             ... on level 5 of the Dungeon.
             The game lasted 00:08:10 (4511 turns).

fragbeetle the Archer (Minotaur Hunter)             Turns: 4511, Time: 00:08:11

Health: -1/50      AC:  6    Str: 17    XL:     7   Next: 15%
Magic:  6/6        EV: 10    Int:  8    God:    Hepliaklqana [*.....]
Gold:   337        SH:  0    Dex: 12    Spells: 6/6 levels left

rFire   . . .      SeeInvis .   b - +1 quarterstaff (spect)
rCold   . . .      Faith    .   (shield currently unavailable)
rNeg    . . .      Spirit   .   j - +0 scale mail
rPois   .          Reflect  .   (helmet restricted)
rElec   .          Harm     .   (no cloak)
rCorr   .          Rampage  .   (no gloves)
Will    .....                   (no boots)
Stlth   ..........              (no amulet)
HPRegen 0.16/turn               i - ring of flight
MPRegen 0.10/turn               (no ring)

@: flying
A: reduced essence, horns 2, retaliatory headbutt
a: Renounce Religion, Recall Ancestor, Ancestor Identity


You were on level 5 of the Dungeon.
You worshipped Hepliaklqana.
Hepliaklqana was aware of your devotion.
You visited 2 branches of the dungeon, and saw 6 of its levels.

You collected 337 gold pieces.

Inventory:

Hand Weapons
 a - a +1 shortbow
 b - a +1 spectral quarterstaff (weapon)
 B - a +1 vorpal flail
Missiles
 n - 9 poisoned darts (quivered)
Armour
 d - a +0 ring mail
 j - a +0 scale mail (worn)
 o - an orb of energy
 s - a +0 plate armour
Jewellery
 i - a ring of flight (left hand)
 p - a +6 ring of intelligence
Scrolls
 c - a scroll of blinking {unknown}
 e - a scroll of magic mapping {unknown}
 g - a scroll of fog {unknown}
 h - a scroll of immolation {unknown}
 l - 6 scrolls of identify {unknown}
 m - a scroll of brand weapon {unknown}
 r - a scroll of vulnerability {unknown}
 u - a scroll of silence {unknown}
 x - a scroll of enchant armour {unknown}
 y - a scroll of fear {unknown}
 z - a scroll of amnesia {unknown}
 A - a scroll of holy word {unknown}
Potions
 f - 3 potions of haste {unknown}
 k - 3 potions of heal wounds {unknown}
 q - 2 potions of degeneration {unknown}
 t - a potion of brilliance {unknown}
 v - a potion of might {unknown}
 w - a potion of mutation {unknown}


   Skills:
 - Level 2.4 Fighting
 + Level 9.6 Bows
 - Level 2.1 Dodging
 - Level 0.7 Stealth


You had 6 spell levels left.
You didn't know any spells.
Your spell library contained the following spells:

 Spells                   Type           Power      Damage    Failure   Level
 Dazzling Flash           Conj/Hex       0%         N/A       99%         3
 Summon Guardian Golem    Hex/Summ       0%         N/A       99%         3
 Animate Armour           Summ/Erth      0%         N/A       100%        4
 Iskenderun's Mystic Bla  Conj/Tloc      0%         2d3       100%        4
 Blade Hands              Tmut           0%         N/A       100%        5
 Iron Shot                Conj/Erth      0%         9d1       100%        6
 Starburst                Conj/Fire      0%         6d3       100%        6
 Orb of Destruction       Conj           0%         9d5       100%        7
 Spellforged Servitor     Conj/Summ      0%         N/A       100%        7


Dungeon Overview and Level Annotations

Branches:
Dungeon (5/15)             Temple (1/1) D:4

Altars:
Ashenzari
Cheibriados
Dithmenos
Elyvilon
Fedhas
Gozag
Hepliaklqana
Makhleb
Nemelex Xobeh
Qazlal
Ru
Sif Muna
Uskayaw
Vehumet
Wu Jian
Xom
Zin


Innate Abilities, Weirdness & Mutations

Your life essence is reduced to manifest your ancestor. (-10% HP)
You have a pair of horns on your head.
You reflexively headbutt those who attack you in melee.


Message History

* * * LOW HITPOINT WARNING * * *
You see here a +0 vorpal hand axe.
You thump the orc priest!
You headbutt the orc priest, but do no damage.
The orc priest is severely wounded.
The orc priest hits you with a +0 hand axe of freezing.
* * * LOW HITPOINT WARNING * * *
The orc priest freezes you.
* * * LOW HITPOINT WARNING * * *
The orc priest hits you with a +0 hand axe of freezing.
* * * LOW HITPOINT WARNING * * *
The orc priest freezes you.
* * * LOW HITPOINT WARNING * * *
The orc priest hits Butters with a +0 hand axe of freezing.
The orc priest hits Butters with a +0 hand axe of freezing.
Butters completely misses the orc priest.
The orc priest hits Butters with a +0 hand axe of freezing.
The orc priest freezes Butters.
Something hits Butters.
Butters hits the orc priest.
The orc priest hits Butters with a +0 hand axe of freezing.
The orc priest freezes Butters.
A magic dart appears from out of thin air!
The magic dart hits Butters.
Butters is destroyed!
Something hits you.
* * * LOW HITPOINT WARNING * * *
Something hits you.
* * * LOW HITPOINT WARNING * * *
The orc priest closely misses you. You furiously retaliate!
You headbutt the orc priest.
Unknown command.
You hit the orc priest but do no damage.
Your headbutt misses the orc priest.
The orc priest is almost dead.
Your +1 spectral quarterstaff hits the orc priest!
You kill the orc priest!
You hear some strange, mumbled words.
Something tries to affect you, but you resist.
Something hits you.
You die...

#############
#...........#
..####.#.##.####.#
.=......{@(.# #.#
".?#####{#).# #.#
#o#..# #.# #o#..#
#.#
..#...###.#########
..#................
...##..###.####.###.
........ ### ### ##
#........#


You could see 2 orcs and a friendly +1 spectral quarterstaff (summoned).

Vanquished Creatures
  2 water moccasin skeletons
  2 hounds (D:4)
  A gnoll shaman (D:5)
  An orc priest (D:5)
  Terence (D:2)
  An iguana (D:5)
  Natasha (thrice) (D:2)
  3 orc wizards
  11 gnolls
  A howler monkey skeleton (D:4)
  3 adders
  A dart slug (D:2)
  10 orcs
  7 ball pythons
  8 endoplasms
  3 giant cockroaches
  6 goblins
  4 hobgoblins
  4 jackals (D:1)
  2 kobolds
  A quokka (D:3)
  6 bats
  3 frilled lizards
  2 rats
86 creatures vanquished.

Vanquished Creatures (others)
  An ancestor (D:5)
1 creature vanquished.

Grand Total: 87 creatures vanquished

Notes
Turn   | Place    | Note
-------+----------+-------------------------------------------
     0 | D:1      | fragbeetle the Minotaur Hunter began the quest for the Orb.
     0 | D:1      | Reached XP level 1. HP: 18/18 MP: 0/0
   164 | D:1      | Reached XP level 2. HP: 25/25 MP: 1/1
   168 | D:1      | Reached skill level 5 in Bows
   537 | D:2      | Noticed Natasha
   542 | D:2      | Killed Natasha
   543 | D:2      | Reached XP level 3. HP: 25/30 MP: 2/2
   646 | D:2      | Reached skill level 6 in Bows
   701 | D:2      | Noticed Natasha
   705 | D:2      | Killed Natasha
   706 | D:2      | Reached XP level 4. HP: 37/37 MP: 3/3
   757 | D:2      | Noticed Terence
   779 | D:2      | Killed Terence
   940 | D:2      | Noticed Natasha
   945 | D:2      | Killed Natasha
   946 | D:2      | Reached skill level 7 in Bows
   946 | D:2      | Reached XP level 5. HP: 42/42 MP: 4/4
  1023 | D:2      | Found a faded altar of an unknown god.
  1289 | D:3      | Found a stormy altar of Qazlal.
  1729 | D:3      | Found a sparkling altar of Nemelex Xobeh.
  1730 | D:3      | Found an opulent altar of Gozag.
  2057 | D:4      | Found a staircase to the Ecumenical Temple.
  2077 | Temple   | Entered the Ecumenical Temple
  2183 | Temple   | Became a worshipper of Hepliaklqana the Forgotten
  2561 | D:4      | Reached skill level 8 in Bows
  2561 | D:4      | Reached XP level 6. HP: 47/50 MP: 5/5
  3879 | D:5      | Entered Level 5 of the Dungeon
  3892 | D:5      | Reached skill level 9 in Bows
  4024 | D:5      | Reached XP level 7. HP: 26/56 MP: 6/6
  4428 | D:5      | Found a shadowy altar of Dithmenos.
  4430 | D:5      | Reached * piety under Hepliaklqana
  4510 | D:5      | HP: 2/50 [something (3)]
  4511 | D:5      | Slain by an orc wizard

Illustrated notes

Levels and vault maps discovered:
D:1:      grunt_arrival_lava_bath, layout_rooms, lemuel_old_faithful
D:2:      layout_rooms, basic_ecumenical_altar, serial_corexii_hall,
          chequers_hall_statues_corner_a, corexii_hall_statues_i,
          chequers_hall_statues_y, corexii_hall_statues_s,
          corexii_hall_statues_s, corexii_hall_statues_l,
          minmay_indecisive_spiral, uniq_terence, uniq_natasha
D:3:      layout_basic, grunt_qazlal_sundering, grunt_temple_overflow_opulence
D:4:      layout_basic, minmay_temple_entry_drinking_statues
D:5:      layout_loops_ring, nicolae_tso_carved_into_rock,
          nicolae_overflow_hidden_temple,
          mainiacjoe_overflow_concentric_impassable, grunt_ministairs_8,
          grunt_decor_resistance, item_on_display_a
Temple:   dshaligram_water_room_temple

Skill      XL: |  1  2  3  4  5  6 |
---------------+-------------------+-----
Bows           | 5 6 7 8 9 |  9.6
Fighting       | |  2.4
Dodging        | |  2.1
Stealth        | |  0.7

Action                   |  1- 3 |  4- 6 |  7- 9 || total
-------------------------+-------+-------+-------++-------
Melee: Shortbow          |       |     4 |       ||     4
       Quarterstaff      |       |     6 |    10 ||    16
       Headbutt          |       |     1 |     3 ||     4
 Fire: Shortbow          |    56 |   158 |     6 ||   220
Throw: Dart              |       |    11 |       ||    11
Invok: Ancestor Identity |       |       |     1 ||     1
Armor: Leather armour    |     1 |       |       ||     1
       Ring mail         |     6 |     1 |       ||     7
       Scale mail        |       |    33 |       ||    33
Dodge: Dodged            |     6 |    42 |     2 ||    50

Table legend: (Time is in decaauts)
 A = Elapsed time spent in this place.
 B = Non-inter-level travel time spent in this place.
 C = Inter-level travel time spent in this place.
 D = Time resting spent in this place.
 E = Time spent auto-exploring this place.
 F = Levels seen in this place.
 G = Mean time per level.
                   A        B        C        D        E       F      G
               +--------+--------+--------+--------+--------+-----+--------+
         Total |   4578 |   4272 |    306 |    216 |   3379 |   6 |  763.0 |
       Dungeon |   4458 |   4164 |    294 |    216 |   3319 |   5 |  891.6 |
        Temple |    119 |    107 |     12 |      0 |     60 |   1 |  119.0 |
               +--------+--------+--------+--------+--------+-----+--------+

Top non-repeatable levels by time:
     D:4: 1793 daAuts
     D:2: 825 daAuts
     D:3: 721 daAuts
     D:5: 636 daAuts
     D:1: 481 daAuts
  Temple: 119 daAuts
